 Dungeon Crawl Stone Soup version 0.25-a0-503-ge281fa673e (webtiles) character file.

Game seed: 17345910922527350948, levelgen mode: deterministic

218 Roikka the Sneak (level 6, -3/32 HPs)
             Began as a Kobold Enchanter on Feb 13, 2020.
             Killed from afar by an orc wizard (5 damage)
             ... with a magic dart
             ... on level 3 of the Dungeon.
             The game lasted 00:12:09 (4175 turns).

Roikka the Sneak (Kobold Enchanter)                 Turns: 4175, Time: 00:12:10

Health: -3/32      AC:  4    Str:  6    XL:     6   Next: 17%
Magic:  2/10       EV: 15    Int: 14    God:
Gold:   177        SH:  0    Dex: 17    Spells: 2/11 levels left

rFire    . . .     SeeInvis .   b - +0 short sword
rCold    . . .     Gourm    .   (shield restricted)
rNeg     . . .     Faith    .   h - +0 robe
rPois    .         Spirit   .   (no helmet)
rElec    .         Reflect  .   m - +1 cloak
rCorr    .         Harm     .   (no gloves)
MR       +....                  (no boots)
Stlth    +++.......             (no amulet)
HPRegen  0.10/turn              (no ring)
MPRegen  0.12/turn              (no ring)

@: confusing touch, flying, very slightly contaminated
A: small, talons 1, carnivore, dopey 1, magic resistance 1
a: no special abilities


You were on level 3 of the Dungeon.
You were completely stuffed.

You visited 1 branch of the dungeon, and saw 4 of its levels.

You collected 177 gold pieces.

Inventory:

Hand Weapons
 a - a +1 dagger
 b - a +0 short sword (weapon)
Missiles
 s - 23 poisoned darts (quivered)
Armour
 h - a +0 robe (worn)
 m - a +1 cloak (worn)
Scrolls
 c - a scroll of remove curse {unknown}
 f - 3 scrolls of identify {unknown}
 g - 2 scrolls of fog {unknown}
 n - a scroll of fear {unknown}
 p - a scroll of enchant weapon {unknown}
 q - a scroll of amnesia {unknown}
 r - a scroll of teleportation {unknown}
Potions
 e - 3 potions of flight
 i - a potion of might {unknown}
 j - a potion of mutation
 k - a potion of brilliance {unknown}
 l - a potion of degeneration {unknown}
 o - a potion of curing {unknown}
Comestibles
 d - 4 rations


   Skills:
 * Level 4.6 Short Blades
 - Level 2.4 Dodging
 + Level 5.2 Stealth
 + Level 3.2 Spellcasting
 + Level 4.1 Hexes


You had 2 spell levels left.
You knew the following spells:

 Your Spells              Type           Power        Failure   Level  Hunger
a - Corona                Hex            ##.....      3%          1    #......
b - Ensorcelled Hibernat  Hex/Ice        #.....       14%         2    ##.....
c - Confusing Touch       Hex            ##......     12%         3    ###....
d - Tukima's Dance        Hex            ##......     12%         3    ###....

Your spell library contained the following spells:

 Spells                   Type           Power        Failure   Level  Hunger
 Dazzling Flash           Conj/Hex       #.....       26%         3    ###....


Dungeon Overview and Level Annotations

Branches:
Dungeon (4/15)
 Temple: D:4-7

Altars:
Fedhas


Innate Abilities, Weirdness & Mutations

You are small and have problems with some larger weapons.
You are carnivorous and can eat meat at any time.
You have sharp toenails.
You are dopey. (Int -2)
You are resistant to hostile enchantments. (MR+)


Message History

The orc wizard blinks!
The orc wizard casts a spell.
The orc wizard blinks!
The orc wizard mumbles some strange words.
The orc wizard seems to speed up.
It was a potion of flight.
You feel very buoyant.
You fly up into the air.
The orc wizard casts a spell at you. The magic dart hits you.
* * * LOW HITPOINT WARNING * * *
It was a potion of mutation.
You feel extremely strange.
You feel resistant to hostile enchantments.
You feel stupid.
Your toenails lengthen and sharpen.
The orc wizard mumbles some strange words.
The orc wizard blinks!
Sorry, you're not good enough to have a special ability.
The orc wizard points at you and mumbles some strange words.
The magic dart hits you.
You die...

###.###############.# #.#
#...#.# #.###########.#.#.#
#.#.............#.#
#.#.#########...#.#
###########.#.#.......#...#.#
.....).......[.<..>o..#..)#.#
..#########.######.##.#)..#.#
............#...@..##.#...#.#
..###########.#########...#.#
..# #.##.....)......# ..#
#.##.######.##### ..#
#.##.#........# ###
######.##.#.####.#.#
#.........#......#.#
#.....)...########.#
#.........# #...#


You could see an orc wizard.

Vanquished Creatures
  Terence (D:3)
  3 orc wizards (D:3)
  A gnoll (D:1)
  3 adders (D:3)
  2 worms
  2 dart slugs
  8 orcs
  3 giant cockroaches
  9 goblins
  6 hobgoblins
  8 kobolds
  A ball python (D:3)
  8 bats
  4 frilled lizards
  6 rats
65 creatures vanquished.

Notes
Turn   | Place    | Note
-------+----------+-------------------------------------------
     0 | D:1      | Roikka the Kobold Enchanter began the quest for the Orb.
     0 | D:1      | Reached XP level 1. HP: 10/10 MP: 3/3
   188 | D:1      | Reached XP level 2. HP: 15/15 MP: 5/5
   192 | D:1      | Learned a level 2 spell: Ensorcelled Hibernation
   620 | D:1      | Reached XP level 3. HP: 15/19 MP: 1/6
  1392 | D:1      | Learned a level 3 spell: Confusing Touch
  2213 | D:2      | Found a blossoming altar of Fedhas.
  2302 | D:2      | Reached XP level 4. HP: 22/24 MP: 7/7
  2503 | D:3      | Noticed Terence
  2510 | D:3      | Killed Terence
  2526 | D:3      | Reached XP level 5. HP: 13/28 MP: 9/9
  2828 | D:3      | Learned a level 3 spell: Tukima's Dance
  3131 | D:3      | Reached skill level 5 in Stealth
  3265 | D:3      | Reached XP level 6. HP: 10/32 MP: 6/10
  4173 | D:3      | Gained mutation: You are resistant to hostile enchantments.
                  | (MR+) [potion of mutation]
  4173 | D:3      | Gained mutation: You are dopey. (Int -2) [potion of
                  | mutation]
  4173 | D:3      | Gained mutation: You have sharp toenails. [potion of
                  | mutation]
  4175 | D:3      | Killed from afar by an orc wizard

Levels and vault maps discovered:
D:1:      lightli_arrival_quake, layout_basic
D:2:      layout_loops_ring, nicolae_overflow_hidden_temple, first_ration,
          minmay_puff
D:3:      layout_basic, uniq_terence
D:4:      layout_basic

Skill      XL: |  1  2  3  4  5 |
---------------+----------------+-----
Short Blades   | 2 3 4 |  4.6
Hexes          | 4 |  4.1
Stealth        | 5 |  5.2
Spellcasting   | 3 |  3.2
Dodging        | |  2.4

Action                   |  1- 3 |  4- 6 || total
-------------------------+-------+-------++-------
Melee: Dagger            |   115 |    89 ||   204
       Short sword       |     8 |    31 ||    39
Throw: Dart              |       |    45 ||    45
 Cast: Ensorcelled Hiber |     6 |    11 ||    17
       Confusing Touch   |     5 |     5 ||    10
  Use: Potion            |       |     2 ||     2
 Stab: Sleeping          |    10 |    12 ||    22
       Confused          |     4 |     1 ||     5
  Eat: Chunk             |    14 |     7 ||    21
Armor: Robe              |    11 |    21 ||    32
Dodge: Dodged            |    81 |    55 ||   136

Table legend:
 A = Non-vault XP
 B = Vault XP
 C = Vault XP percentage of total XP
 D = Non-vault monster count
 E = Vault monster count
 F = Vault count percentage of total count
                 A         B        C        D         E       F
            +---------+---------+-------+---------+---------+-------
      Total |     270 |      42 |  13.5 |      60 |       5 |   7.7
            +---------+---------+-------+---------+---------+-------
        D:1 |      46 |       0 |   0.0 |      20 |       0 |   0.0
        D:2 |      21 |       6 |  22.2 |      10 |       4 |  28.6
        D:3 |     200 |      36 |  15.3 |      29 |       1 |   3.3
        D:4 |       3 |       0 |   0.0 |       1 |       0 |   0.0
            +---------+---------+-------+---------+---------+-------
